 Dungeon Crawl Stone Soup version 0.19.0-23-gf02e663 (webtiles) character file.

261 Peloso the Shield-Bearer (level 6, -2/41 HPs)
             Began as a Halfling Fighter on Nov 19, 2016.
             Killed from afar by an orc wizard (5 damage)
             ... with a magic dart
             ... on level 4 of the Dungeon.
             The game lasted 00:05:54 (2417 turns).

Peloso the Shield-Bearer (Halfling Fighter)         Turns: 2417, Time: 00:05:55

Health: -2/41      AC:  8    Str: 16 (19) XL:     6   Next: 41%
Magic:  6/6        EV: 10    Int: 10 (11) God:
Gold:   153        SH:  9    Dex: 11 (14) Spells: 0 memorised, 5 levels left

rFire  . . .     SeeInvis .     a - +0 long sword
rCold  . . .     Gourm    .     b - +0 scale mail
rNeg   . . .     Faith    .     c - +0 shield
rPois  .         Spirit   .     t - +0 helmet
rElec  .         Reflect  .     (no cloak)
rCorr  .         Harm     .     (no gloves)
MR     .....                    (no boots)
Stlth  +.........               (no amulet)
                                (no ring)
                                h - ring of stealth

@: brilliant
A: mutation resistance 1
a: no special abilities


You were on level 4 of the Dungeon.
You were not hungry.

You visited 1 branch of the dungeon, and saw 4 of its levels.

You collected 153 gold pieces.

Inventory:

Hand Weapons
 a - a +0 long sword (weapon)
Armour
 b - a +0 scale mail (worn)
 c - a +0 shield (worn)
 t - a +0 helmet (worn)
Jewellery
 h - a ring of stealth (left hand)
Scrolls
 g - a scroll of blinking {unknown}
 k - a scroll of enchant armour {unknown}
 m - a scroll of remove curse {unknown}
 n - a scroll of random uselessness {unknown}
 s - 2 scrolls of identify {unknown}
 u - a scroll of immolation {unknown}
Potions
 d - a potion of might
 e - a potion of agility
 v - a potion of degeneration
 w - a potion of haste {unknown}
Books
 p - Kikubaaqudgha's Guide on Dark Rites
   (You found it on level 2 of the Dungeon)

   Spells                             Type                      Level
   a - Animate Skeleton               Necromancy                   1
Comestibles
 f - 3 bread rations
 i - a meat ration
 j - 3 fruits
 l - a royal jelly
 r - 2 chunks of flesh


   Skills:
 + Level 2.9 Fighting
 + Level 4.2 Long Blades
 + Level 4.4 Armour
 + Level 2.1 Dodging
 + Level 4.4 Shields


You had 5 spell levels left.
You didn't know any spells.

Dungeon Overview and Level Annotations

Branches:
Dungeon (4/15)
 Temple: D:4-7

Altars:
Kikubaaqudgha
Sif Muna
Vehumet
The Shining One

Shops:
D:4 !


Innate Abilities, Weirdness & Mutations

You are small and have problems with some larger weapons.
You are somewhat resistant to further mutation.


Message History

You closely miss the orc wizard. The orc barely misses you.
It was a potion of degeneration.
There was something very wrong with that liquid.
You feel weakened.
You feel dopey.
You feel clumsy. The orc wizard misses you.
You riposte.
You hit the orc wizard.
The orc wizard is moderately wounded.
The orc wizard completely misses you. You block the orc's attack.
It was a potion of cancellation.
Your magical effects are unravelling.
You feel magically purged.
You feel yourself speed up.
You feel a little less agile now.
The orc wizard hits you but does no damage.
The orc wizard miscasts a cantrip.
The orc barely misses you. You block the orc wizard's attack.
It was a potion of brilliance.
You feel clever all of a sudden. The orc hits you but does no damage.
The orc wizard gestures at you while chanting.
The magic dart hits you!
You die...

#. .# #. .#
#. .# #. o#
#. o# #.#.#
### #.).#
#<#######o.#
#.....)@oo>#
#..#########
###..#
#⌠.⌠.#
#.∩..#
#⌠.⌠###
#.#...#
#.#.#.#
#.###.#


You could see an orc wizard and 2 orcs.

Vanquished Creatures
  A crimson imp (D:3)
  A centaur skeleton (D:3)
  An orc wizard (D:4)
  6 adders
  3 gnolls (D:3)
  An ooze (D:2)
  5 leopard geckos
  2 orcs
  5 giant cockroaches
  11 goblins
  11 hobgoblins
  A quokka (D:3)
  11 bats
  8 frilled lizards
  7 kobolds
  4 rats
78 creatures vanquished.

Notes
Turn   | Place    | Note
-------+----------+-------------------------------------------
     0 | D:1      | Peloso the Halfling Fighter began the quest for the Orb.
     0 | D:1      | Reached XP level 1. HP: 15/15 MP: 1/1
   135 | D:1      | Reached XP level 2. HP: 16/20 MP: 2/2
   347 | D:1      | Reached XP level 3. HP: 21/25 MP: 3/3
   349 | D:1      | Reached skill level 1 in Dodging
   997 | D:2      | Reached XP level 4. HP: 27/30 MP: 4/4
  1086 | D:2      | Found a glowing golden altar of the Shining One.
  1231 | D:2      | Found an ancient bone altar of Kikubaaqudgha.
  1235 | D:2      | Found a deep blue altar of Sif Muna.
  1236 | D:2      | Found a radiant altar of Vehumet.
  1238 | D:2      | Identified Kikubaaqudgha's Guide on Dark Rites
  1351 | D:3      | Reached XP level 5. HP: 29/36 MP: 5/5
  1891 | D:3      | Reached XP level 6. HP: 29/41 MP: 6/6
  2344 | D:4      | Found Niruatel's Distillery.
  2413 | D:4      | HP: 2/41 [orc wizard/puff of frost (4)]
  2417 | D:4      | Killed from afar by an orc wizard

Skill      XL: |  1  2  3  4  5  6 |
---------------+-------------------+-----
Dodging        | 1 2 |  2.1
Shields        | 4 |  4.4
Long Blades    | 3 4 |  4.2
Armour         | 4 |  4.4
Fighting       | |  2.9

Action                   |  1- 3 |  4- 6 || total
-------------------------+-------+-------++-------
Melee: Long sword        |   131 |   181 ||   312
  Use: Potion            |       |     4 ||     4
  Eat: Chunk             |       |     6 ||     6
Armor: Scale mail        |    65 |    75 ||   140
Dodge: Dodged            |    57 |    87 ||   144
Block: Shield            |    77 |   121 ||   198
       Rpst.: Long sword |    13 |    30 ||    43
